 Dungeon Sprint DCSS version 0.19.4-9-g45fd643 (webtiles) character file.

60 equalderp2856 the Scratcher (level 3, -3/18 HPs)
             Began as a Felid Fighter on Feb 19, 2017.
             Was an Initiate of Gozag.
             Slain by a necrophage (8 damage)
             ... in the Dungeon (Sprint VII: "The Pits").
             The game lasted 00:00:44 (462 turns).

equalderp2856 the Scratcher (Felid Fighter)          Turns: 462, Time: 00:00:44

Health: -3/18      AC:  1    Str: 13    XL:     3   Next: 82%
Magic:  4/4        EV: 21    Int:  9    God:    Gozag
Gold:   279        SH:  0    Dex: 15    Spells: 0 memorised, 2 levels left
                                        Lives:  0   Deaths: 0

rFire  . . .     SeeInvis +       - Unarmed
rCold  . . .     Gourm    .     (armour unavailable)
rNeg   . . .     Faith    .     (shield unavailable)
rPois  .         Spirit   .     (helmet unavailable)
rElec  .         Reflect  .     (cloak unavailable)
rCorr  .         Harm     .     (gloves unavailable)
MR     .....     NoTele   +     (boots unavailable)
Stlth  ++........               (no amulet)
                                (no ring)
                                (no ring)

@: quick
A: no armour, no weapons or thrown items, stealth, claws 1, fangs 3, see
invisible, carnivore 3, speed 1, shaggy fur 1, slow metabolism 1, sharp paws
a: Potion Petition, Call Merchant, Bribe Branch, Renounce Religion


You were in the Dungeon.
You worshipped Gozag.
Gozag was aware of your devotion.
You were not hungry.

You visited 1 branch You collected 279 gold pieces.

Inventory:

Scrolls
 h - a scroll of blinking
 j - 3 scrolls of remove curse
 k - 5 scrolls of amnesia
 l - a scroll of summoning
Potions
 a - a potion of might
 c - a potion of curing
 d - a potion of heal wounds
 e - a potion of haste
 f - 4 potions of magic
 g - 3 potions of berserk rage
 i - 2 potions of invisibility
Comestibles
 b - 8 meat rations


   Skills:
 + Level 4.6 Fighting
 + Level 5.8 Dodging
 + Level 1.1 Stealth
 + Level 7.0 Unarmed Combat


You had 2 spell levels left.
You didn't know any spells.

Dungeon Overview and Level Annotations

Branches:
Dungeon (1/1)

Altars:
Ashenzari
Cheibriados
Dithmenos
Elyvilon
Fedhas
Gozag
Hepliaklqana
Kikubaaqudgha
Makhleb
Nemelex Xobeh
Okawaru
Qazlal
Ru
Sif Muna
Trog
Uskayaw
Vehumet
Xom
Yredelemnul
Zin
The Shining One
Beogh
Jiyva
Lugonu


Innate Abilities, Weirdness & Mutations

You cannot wear armour.
You are incapable of wielding weapons or throwing items.
Your paws allow you to move quietly. (Stealth)
You have sharp claws.
You have razor-sharp teeth.
You have supernaturally acute eyesight. (SInv)
You are carnivorous and can eat meat at any time.
You cover ground quickly.
You are covered in fur. (AC +1)
You have a slow metabolism.
Your sharp claws are effective at attacking unaware monsters.


Message History

The necrophage misses you.
You scratch the necrophage but do no damage.
The necrophage completely misses you.
You closely miss the necrophage. You bite the necrophage.
The necrophage is lightly damaged.
The necrophage barely misses you.
You barely miss the necrophage.
The necrophage is lightly damaged.
You claw the necrophage!
The necrophage is heavily damaged.
The necrophage hits you.
You closely miss the necrophage.
The necrophage is heavily damaged.
The necrophage hits you!
* * * LOW HITPOINT WARNING * * *
You completely miss the necrophage. You bite the necrophage.
The necrophage is severely damaged.
The necrophage hits you!
You die...
Your body crumbles into a pile of gold.

######)))#.##...........
#%?(.')))'.##......#..#.
##########.##...........
#...........'...........
#+#####'#####......#..#.
#.....##...........
#####'#####'#####++
#.....##.......#
#..@..##.......#
###n####.......#
#..g.l##...<...#
........##.......#
#........##.......#
###########.......#
#########


You could see a necrophage and a goblin.

Vanquished Creatures
  2 worker ants (D)
  An ufetubus (D)
  An ooze (D)
  A giant cockroach (D)
  A quokka (D)
6 creatures vanquished.

Notes
Turn   | Place    | Note
-------+----------+-------------------------------------------
     0 | D        | equalderp2856 the Felid Fighter began the quest for the Orb.
     0 | D        | Reached XP level 1. HP: 10/10 MP: 2/2
    11 | D        | Noticed a worker ant
    16 | D        | Killed a worker ant
    16 | D        | Reached skill level 5 in Dodging
    16 | D        | Reached skill level 5 in Unarmed Combat
    16 | D        | Reached XP level 2. HP: 8/15 MP: 3/3
   181 | D        | Found a radiant altar of Vehumet.
   181 | D        | Found a hide-covered altar of Uskayaw.
   181 | D        | Found an ancient bone altar of Kikubaaqudgha.
   181 | D        | Found a viscous altar of Jiyva.
   181 | D        | Found a hazy altar of Hepliaklqana.
   182 | D        | Found a bloodstained altar of Trog.
   182 | D        | Found a deep blue altar of Sif Muna.
   182 | D        | Found a sacrificial altar of Ru.
   182 | D        | Found a stormy altar of Qazlal.
   182 | D        | Found an iron altar of Okawaru.
   182 | D        | Found a sparkling altar of Nemelex Xobeh.
   182 | D        | Found an opulent altar of Gozag.
   182 | D        | Found a blossoming altar of Fedhas.
   182 | D        | Found a white marble altar of Elyvilon.
   182 | D        | Found a shadowy altar of Dithmenos.
   182 | D        | Found a snail-covered altar of Cheibriados.
   183 | D        | Found a glowing golden altar of the Shining One.
   183 | D        | Found a glowing silver altar of Zin.
   184 | D        | Found a burning altar of Makhleb.
   184 | D        | Found a basalt altar of Yredelemnul.
   184 | D        | Found a roughly hewn altar of Beogh.
   185 | D        | Found a corrupted altar of Lugonu.
   185 | D        | Found a shimmering altar of Xom.
   185 | D        | Found a shattered altar of Ashenzari.
   188 | D        | Became a worshipper of Gozag Ym Sagoz the Greedy
   221 | D        | Reached skill level 6 in Unarmed Combat
   221 | D        | Reached XP level 3. HP: 11/18 MP: 4/4
   441 | D        | Reached skill level 1 in Stealth
   446 | D        | Noticed a necrophage
   452 | D        | Reached skill level 7 in Unarmed Combat
   462 | D        | Slain by a necrophage

Skill      XL: |  1  2  3 |
---------------+----------+-----
Fighting       | 4 |  4.6
Dodging        | 5 |  5.8
Unarmed Combat | 5 6 7 |  7.0
Stealth        | 1 |  1.1

Action                   || total
-------------------------++-------
Melee: Unarmed           ||    37
       Bite              ||     4
 Stab: Sleeping          ||     1
Dodge: Dodged            ||    26
